Map: Daybreak LE

Players

JJAKJI

  • Race: Terran Terran
  • Spawn Location: 7:00

Dark - Winner!

  • Race: Zerg Zerg
  • Spawn Location: 1:00

Event: IEM Season 11 - Gyeonggi

VOD

Have the link to the VOD?

Description

Time

  • Played on: Dec. 14, 2016, 1:56 a.m.
  • Length: 19:15

All games in this series

Show
View Real Time Build Order
Export as new Build Order

JJAKJI Terran 

Build Orders: Reaper Expand, MMM Bio 

Get SALT Encoding   

  12  0:00  SCV  
  13  0:12  SCV  
  14  0:17  Supply Depot  
  14  0:25  SCV  
  15  0:39  SCV  
  15  0:40  Barracks  
  16  0:44  Refinery  
  16  0:51  SCV  
  17  1:03  SCV  
  18  1:15  SCV  
  19  1:26  Reaper  
  19  1:27  Orbital Command  
  20  1:40  Command Center  
  20  1:51  Barracks  
  20  1:54  SCV  
  20  1:59  Barracks Reactor  
  21  2:04  Supply Depot  
  21  2:07  SCV  
  22  2:12  Refinery  
  22  2:19  SCV  
  23  2:27  Factory  
  23  2:32  SCV  
  24  2:38  Marine x2  
  24  2:40  Barracks Tech Lab  
  24  2:44  SCV  
  27  2:52  Orbital Command  
  27  2:55  Marine  
  27  2:56  Marine, SCV  
  30  3:01  Stimpack  
  30  3:04  Marine  
  31  3:08  SCV  
  32  3:13  Marine x2  
  34  3:20  SCV x2  
  34  3:24  Starport  
  35  3:27  Factory Reactor  
  35  3:32  SCV x2  
  35  3:33  Marine  
  38  3:34  Marine  
  38  3:36  Marine  
  40  3:44  SCV x2, Supply Depot  
  42  3:49  Supply Depot  
  42  3:56  Marine x2, SCV x2  
  46  4:05  Marine  
  46  4:07  Supply Depot  
  46  4:08  Medivac x2  
  51  4:10  SCV  
  51  4:12  SCV  
  51  4:14  Marine x2  
  55  4:21  Engineering Bay  
  55  4:23  SCV  
  55  4:24  SCV  
  57  4:25  Marine  
  58  4:31  Marine, Supply Depot  
  58  4:32  Marine  
  58  4:35  SCV  
  58  4:36  SCV  
  58  4:38  Medivac  
  64  4:43  Marine  
  64  4:47  SCV  
  64  4:48  SCV  
  64  4:49  Marine  
  64  4:50  Marine  
  68  4:55  Terran Infantry Weapons Level 1  
  68  4:59  SCV, Supply Depot  
  69  5:00  Marine, SCV  
  69  5:02  Combat Shields  
  70  5:07  Marine  
  70  5:08  Marine  
  70  5:12  SCV x2  
  70  5:18  Marine  
  70  5:19  Medivac  
  70  5:20  Command Center  
  73  5:24  SCV x2  
  73  5:25  Marine  
  73  5:26  Marine  
  77  5:29  Barracks  
  77  5:32  Barracks  
  77  5:34  Factory Reactor  
  77  5:38  Barracks  
  77  5:40  SCV x2  
  78  5:52  Marine  
  78  5:53  Marine x2  
  79  5:57  SCV  
  79  5:58  Armory  
  79  5:59  Engineering Bay  
  79  6:01  Refinery x2  
  80  6:05  Missile Turret  
  80  6:08  SCV  
  80  6:09  SCV  
  80  6:10  Marine x2  
  80  6:11  Marine  
  85  6:17  Barracks Reactor  
  85  6:19  Supply Depot  
  85  6:21  Barracks Reactor  
  85  6:28  Widow Mine x2  
  85  6:31  Barracks Reactor  
  81  6:33  Marine x3  
  81  6:35  Orbital Command  
  81  6:36  SCV x2  
  86  6:48  Terran Infantry Armor Level 1  
  86  6:51  Marine x3, Missile Turret  
  86  6:53  SCV x2  
  91  6:55  Marine x2  
  91  6:56  Widow Mine  
  91  6:57  Widow Mine  
  97  7:03  Medivac x2  
  97  7:06  SCV x2  
  103  7:08  Marine  
  103  7:09  Marine x2  
  103  7:13  Marine  
  106  7:16  Marine x3  
  106  7:22  Supply Depot  
  109  7:23  Supply Depot, Orbital Command  
  109  7:39  Terran Infantry Weapons Level 2  
  109  7:43  Widow Mine x2  
  109  7:44  Marine x2, Medivac  
  110  7:45  Marine, SCV x2, Medivac  
  110  7:47  Supply Depot x2  
  110  7:48  Supply Depot  
  122  7:51  Missile Turret  
  122  7:54  SCV  
  122  7:57  SCV  
  124  8:00  Marine  
  125  8:08  Marine x6  
  125  8:11  Marine x2  
  125  8:12  Widow Mine x2  
  133  8:14  Medivac  
  133  8:15  Medivac  
  133  8:18  Marine  
  142  8:21  Supply Depot  
  142  8:22  Supply Depot  
  142  8:24  Supply Depot  
  142  8:26  Bunker  
  142  8:28  Marine  
  143  8:39  Marine x6  
  143  8:41  Marine  
  149  8:42  Widow Mine  
  149  8:43  Supply Depot  
  149  8:44  Terran Infantry Armor Level 2  
  149  8:45  Supply Depot, Widow Mine  
  149  8:47  Medivac  
  155  8:50  Barracks  
  155  8:51  Barracks  
  155  8:52  Barracks  
  151  8:59  Liberator  
  151  9:00  Marine x2, Liberator  
  142  9:03  Marine x4  
  142  9:04  Marine x2  
  142  9:05  Marine  
  149  9:13  Widow Mine x2  
  141  9:17  Marine  
  141  9:18  Marine  
  141  9:20  Marine x2  
  144  9:30  Marine x4, Marauder  
  121  9:35  Marine x2  
  123  9:40  Missile Turret  
  123  9:41  Barracks Tech Lab x2, Barracks Reactor  
  123  9:42  Marine  
  123  9:43  Marine  
  125  9:46  Widow Mine  
  125  9:47  Widow Mine  
  125  9:48  Marine x4  
  125  9:52  Marauder  
  135  9:53  Marine, Command Center  
  136  10:00  Marauder x2  
  136  10:01  Concussive Shells  
  136  10:02  Terran Infantry Weapons Level 3  
  136  10:06  Marine x2  
  142  10:07  Marine  
  142  10:09  Marine  
  142  10:10  Marine  
  142  10:11  Marine x3  
  142  10:13  Marauder  
  150  10:21  Marine  
  150  10:22  Marauder  
  150  10:26  Marine x4  
  157  10:34  Marauder  
  157  10:39  Marine x5, Marauder  
  157  10:41  Widow Mine x2  
  168  10:43  Marauder  
  168  10:46  Medivac x2  
  171  10:56  Marauder, Marine x5  
  171  10:57  Marine x4  
  177  11:01  Marauder  
  180  11:04  Marauder  
  180  11:06  Planetary Fortress  
  180  11:09  Widow Mine x2  
  186  11:14  Missile Turret  
  186  11:15  Refinery x2  
  186  11:17  Marauder  
  188  11:22  Marauder  
  188  11:23  Marine  
  189  11:26  Marauder  
  189  11:28  Marine x6  
  197  11:33  Unknown x4  
  197  11:36  Medivac  
  199  11:42  Widow Mine x2  
  199  11:46  Terran Infantry Armor Level 3  
  199  12:03  Command Center  
  199  12:04  Sensor Tower  
  199  12:06  Starport  
  199  12:07  Ghost Academy  
  189  12:09  Terran Ship Weapons Level 1  
  189  12:17  Marauder x3  
  181  12:25  Widow Mine x2  
  181  12:27  Marine x7  
  184  12:38  Marauder x3, Marine  
  184  12:39  Marine x2  
  193  12:45  Marine  
  193  12:50  Marine  
  193  12:51  Marine x5  
  179  12:53  Widow Mine x2  
  179  12:56  Marine x3  
  179  13:00  Marauder x3  
  179  13:02  Marine  
  134  13:08  Marine  
  134  13:09  Marine x4  
  134  13:10  Marine  
  134  13:12  SCV  
  141  13:14  Marine, SCV  
  143  13:21  Marauder x3  
  143  13:22  Widow Mine x2  
  143  13:25  Unknown x3  
  143  13:26  Medivac x2, Missile Turret  
  157  13:34  Missile Turret  
  157  13:39  Marine x2  
  159  13:42  Marauder x2  
  159  13:43  Marauder  
  147  13:50  Missile Turret  
  147  13:51  Marine x8  
  147  13:52  Widow Mine  
  147  13:55  Widow Mine  
  159  13:57  Marine x2  
  159  14:02  SCV x4  
  165  14:04  Marauder x3  
  165  14:08  Marine  
  165  14:09  Marine  
  173  14:16  Marine  
  162  14:17  Marine  
  162  14:19  Marine x6  
  168  14:25  Marine, Marauder x2  
  168  14:26  Marine  
  168  14:27  Marine  
  175  14:32  Widow Mine  
  175  14:34  Marine  
  175  14:35  Marine, Medivac  
  175  14:37  Marine x5  
  172  14:43  Marauder  
  156  14:46  Marauder  
  156  14:47  Marauder  
  160  14:54  Widow Mine  
  162  15:01  SCV x3, Widow Mine  
  162  15:03  Missile Turret  
  162  15:05  Marauder  
  169  15:07  Marine x5  
  169  15:08  Marine x3, Marauder  
  179  15:22  Marine x2, Marauder  
  179  15:25  Marine x4  
  179  15:26  Marauder  
  183  15:32  Marine  
  183  15:33  Marauder, Marine x2  
  183  15:35  Marine  
  185  15:42  Marine  
  185  15:43  Marine x2, Marauder  
  185  15:44  Liberator  
  185  15:47  Marauder  
  192  15:50  Widow Mine  
  187  15:57  Widow Mine  
  187  16:03  Starport Reactor  
  185  16:04  Missile Turret  
  181  16:15  Marauder  
  181  16:18  Marine x9, Widow Mine  
  170  16:22  Medivac  
  167  16:29  Marauder  
  167  16:30  Marine  
  150  16:37  Marauder  
  150  16:39  Marine x3  
  149  16:42  Widow Mine  
  150  16:55  Medivac x2  
  150  16:56  Medivac  
  151  17:02  Unknown x4  
  151  17:03  Unknown, Planetary Fortress, Missile Turret  
  149  17:15  Widow Mine  
  151  17:17  SCV x2  
  151  17:18  SCV x2  
  155  17:26  Hellbat  
  155  17:35  Bunker, Ghost x3  
  161  17:39  Personal Cloaking  
  161  17:43  Widow Mine  
  163  17:45  Barracks Tech Lab  
  163  17:50  Viking x3  
  168  18:00  Viking  
  168  18:03  Ghost  
  169  18:07  Ghost  
  169  18:11  Ghost  
  170  18:18  Unknown x2  
  161  18:20  Viking  
  161  18:25  Viking  
  145  18:30  Viking  
  141  18:38  Marine x8  
  141  18:39  Marine  
  150  18:43  Marine  
  146  18:51  Unknown x2  
Show
View Real Time Build Order
Export as new Build Order

Dark Zerg - Winner!

Build Orders: Pool First 

Get SALT Encoding   

  12  0:02  Drone  
  13  0:14  Overlord  
  13  0:17  Drone  
  14  0:33  Drone x2  
  16  0:37  Drone  
  17  0:47  Extractor  
  17  0:49  Drone  
  17  0:51  Spawning Pool  
  16  0:58  Drone  
  17  1:09  Drone  
  18  1:19  Hatchery  
  18  1:24  Drone  
  18  1:31  Drone  
  19  1:37  Queen  
  21  1:42  Zergling x2  
  22  1:48  Metabolic Boost  
  22  1:56  Overlord  
  22  2:14  Drone, Queen  
  25  2:15  Drone  
  26  2:27  Zergling x2  
  27  2:33  Zergling x2  
  27  2:36  Zergling x2  
  29  2:43  Drone  
  29  2:46  Drone x3  
  32  2:56  Queen  
  32  2:57  Drone x2  
  36  3:03  Overlord  
  36  3:04  Overlord  
  36  3:22  Drone x3  
  36  3:23  Queen  
  36  3:26  Drone  
  42  3:27  Drone x2  
  42  3:28  Drone  
  45  3:34  Hatchery  
  44  3:41  Drone x2  
  44  3:48  Overlord  
  46  3:49  Drone  
  46  3:55  Queen  
  49  3:59  Queen  
  51  4:04  Overlord  
  51  4:05  Overlord  
  51  4:06  Drone x2  
  51  4:07  Drone  
  51  4:08  Drone  
  55  4:11  Extractor  
  55  4:12  Drone  
  55  4:14  Drone  
  55  4:15  Drone  
  57  4:22  Evolution Chamber  
  57  4:23  Evolution Chamber  
  55  4:29  Zergling x6  
  55  4:30  Queen  
  60  4:33  Zergling x4  
  62  4:41  Zergling x6  
  65  4:50  Queen  
  65  4:52  Zerg Ground Armor Level 1, Zerg Melee Weapons Level 1  
  67  4:57  Zergling x6  
  70  5:06  Drone x3  
  72  5:09  Drone x4  
  75  5:15  Drone x4  
  75  5:18  Drone  
  75  5:19  Drone  
  81  5:24  Baneling Nest, Zergling x2  
  81  5:26  Overlord  
  81  5:33  Lair  
  81  5:37  Overlord  
  80  5:46  Zergling x12  
  82  5:53  Zergling x12  
  82  5:55  Queen  
  88  6:01  Zergling x6  
  88  6:02  Zergling x4  
  93  6:05  Drone  
  93  6:07  Baneling  
  93  6:08  Baneling x3  
  93  6:10  Drone  
  95  6:11  Extractor  
  95  6:13  Extractor  
  95  6:14  Baneling x2, Extractor  
  95  6:17  Drone x2  
  94  6:20  Hatchery  
  92  6:29  Drone  
  92  6:30  Drone x6  
  97  6:40  Overlord x2  
  97  6:43  Spire  
  97  6:45  Baneling x2  
  96  6:48  Centrifical Hooks  
  96  6:54  Drone, Overlord  
  97  6:58  Spore Crawler  
  97  7:00  Drone  
  97  7:01  Drone x3  
  97  7:02  Drone  
  97  7:03  Drone x2  
  97  7:06  Hatchery  
  97  7:08  Zergling x8  
  104  7:15  Zergling x12  
  108  7:20  Zerg Melee Weapons Level 2  
  108  7:21  Spore Crawler  
  108  7:22  Zerg Ground Armor Level 2  
  111  7:31  Baneling x4  
  111  7:32  Zergling x6  
  111  7:33  Zergling x4  
  115  7:40  Drone x2  
  115  7:41  Drone  
  115  7:42  Overlord  
  115  7:43  Drone  
  119  7:44  Drone  
  119  7:51  Drone x2  
  119  7:52  Zergling x6  
  119  7:54  Drone  
  119  7:58  Corruptor  
  125  7:59  Overlord x2  
  125  8:03  Burrow  
  123  8:16  Baneling  
  123  8:19  Corruptor x4  
  131  8:21  Zergling x2  
  131  8:22  Zergling x10  
  131  8:24  Overseer  
  137  8:27  Zergling x2  
  137  8:28  Zergling x10  
  137  8:31  Zergling x4  
  142  8:34  Zergling x2  
  142  8:41  Zergling x14  
  144  8:44  Pneumatized Carapace  
  150  8:53  Zergling x2  
  150  8:54  Zergling x20  
  150  9:02  Zergling x2  
  129  9:03  Zergling x12  
  129  9:07  Corruptor  
  129  9:08  Zergling x6  
  129  9:09  Baneling, Zergling x2  
  136  9:13  Zergling x4  
  136  9:16  Zergling x2  
  128  9:18  Zergling x2  
  128  9:21  Zergling x4  
  124  9:25  Zergling x4  
  124  9:26  Zergling x2  
  124  9:27  Corruptor x5  
  124  9:30  Zergling x2  
  133  9:35  Zerg Flyer Weapons Level 1, Drone x3  
  136  9:40  Zergling x8  
  136  9:41  Zergling x4  
  136  9:44  Baneling x5  
  136  9:45  Baneling  
  142  9:47  Zergling x2  
  142  9:50  Zergling x10  
  147  9:53  Zergling x6  
  147  9:58  Zergling x6  
  152  10:00  Baneling x3  
  152  10:04  Baneling x8  
  152  10:08  Zergling x10  
  152  10:12  Baneling x5, Overseer  
  152  10:13  Zergling x2  
  158  10:15  Overlord x2  
  158  10:24  Baneling x2  
  156  10:36  Zergling x32  
  170  10:43  Zergling x6  
  170  10:47  Overlord x2  
  173  10:55  Overlord  
  173  10:59  Baneling x4  
  173  11:01  Hatchery  
  172  11:07  Zergling x20  
  182  11:12  Infestation Pit, Zergling x14  
  182  11:13  Zergling x2  
  183  11:19  Zergling x2  
  183  11:20  Zergling x16  
  192  11:41  Baneling x4  
  192  11:42  Baneling  
  192  11:47  Zerg Flyer Weapons Level 2  
  192  11:48  Hive  
  192  11:54  Zergling x2  
  192  11:55  Zergling x6  
  192  11:59  Zergling x2  
  192  12:00  Overlord x2  
  197  12:04  Overlord  
  197  12:05  Overlord x2, Extractor x2  
  195  12:11  Baneling x7  
  195  12:12  Baneling x10, Overlord x2  
  195  12:13  Baneling  
  195  12:14  Baneling x16  
  195  12:15  Baneling x3  
  195  12:16  Baneling x5  
  191  12:26  Drone x4  
  191  12:28  Overlord x2  
  193  12:41  Baneling x6  
  193  12:42  Zergling x2  
  193  12:43  Zergling x12  
  179  12:53  Zergling x12  
  179  12:54  Zergling x26  
  186  13:03  Zergling x8  
  186  13:04  Zergling x14  
  168  13:07  Ultralisk Cavern  
  167  13:14  Drone x5  
  167  13:18  Zerg Melee Weapons Level 3  
  172  13:20  Baneling x2  
  172  13:31  Zerg Ground Armor Level 3  
  169  13:35  Baneling x9  
  169  13:36  Zergling x2  
  169  13:48  Zergling x20  
  166  13:55  Chitinous Plating  
  166  13:58  Ultralisk  
  166  13:59  Zergling x2  
  170  14:05  Ultralisk  
  170  14:09  Zergling x4  
  176  14:12  Baneling x2  
  176  14:13  Baneling x2  
  176  14:14  Zergling x2  
  176  14:15  Zergling x8  
  176  14:23  Ultralisk  
  179  14:32  Baneling x3  
  170  14:43  Zergling x20  
  168  14:54  Drone  
  168  14:59  Baneling x2  
  169  15:04  Greater Spire  
  169  15:18  Hatchery, Extractor  
  169  15:21  Extractor  
  165  15:31  Ultralisk x3  
  182  15:43  Baneling x8  
  182  15:44  Zergling x10  
  182  15:46  Spawning Pool  
  184  15:57  Hatchery  
  160  16:41  Brood Lord x5  
  160  16:46  Zergling x6  
  160  16:47  Drone x2, Zergling x4  
  173  16:53  Zergling x4  
  173  16:54  Zergling x2  
  176  16:58  Corruptor x2  
  180  17:02  Baneling x3  
  180  17:13  Drone  
  180  17:15  Corruptor  
  182  17:17  Baneling x5  
  176  17:33  Baneling x2  
  176  17:34  Baneling x5, Zergling x2  
  176  17:35  Zergling x12  
  182  17:47  Zergling x14  
  182  17:48  Zergling x2  
  182  17:50  Baneling x2, Zergling x4  
  192  18:07  Baneling  
  192  18:08  Baneling x10  
  192  18:17  Zergling x8  
  192  18:18  Zergling x10  
  199  18:22  Zergling x2  
  199  18:26  Baneling x4  
  199  18:27  Zergling x4  
  199  18:28  Spore Crawler  
  199  18:36  Zergling x2  
  199  18:37  Baneling x3  
  199  18:38  Baneling x2  
  199  18:39  Baneling x3  
  200  18:45  Baneling x6  
  200  18:46  Baneling x5  

Tags
 
Add a new tag
Caveats
  • Supply blocks, unpowered buildings, or Contaminate may cause inaccurate times.
  • Supply counts are checked every 10 seconds.